 Dungeon Crawl Stone Soup version 0.31-a0-1068-g5939ac1fb6 (webtiles) character file.

Game seed: 10690018627329305733

228 Dirtsage the Slasher (level 5, -9/41 HPs)
             Began as a Demonspawn Monk on Nov 24, 2023.
             Mangled by an ogre
             ... wielding a +0 giant club
              (34 damage)
             ... on level 3 of the Dungeon.
             The game lasted 00:03:23 (1500 turns).

Dirtsage the Slasher (Demonspawn Monk)              Turns: 1500, Time: 00:03:23

Health: -9/41      AC:  6    Str: 11    XL:     5   Next: 71%
Magic:  5/5        EV: 11    Int: 11    God:
Gold:   115        SH:  0    Dex: 18    Spells: 4/4 levels left

rFire   . . .        a - +0 falchion
rCold   . . .        d - orb {light}
rNeg    . . .        j - +0 ring mail
rPois   .            (helmet restricted)
rElec   .            (no cloak)
rCorr   .            (no gloves)
SInv    .            g - +0 pair of boots
Will    .....        (no amulet)
Stlth   +            (no ring)
HPRegen 0.26/turn    (no ring)
MPRegen 0.18/turn

%: no passive effects
@: glowing
A: horns 1, magic regeneration
a: no special abilities


You were on level 3 of the Dungeon.
You visited 1 branch of the dungeon, and saw 3 of its levels.

You collected 115 gold pieces.

Inventory:

Hand Weapons
 a - a +0 falchion (weapon)
Armour
 b - a +0 robe
 d - an orb of light (worn)
 g - a +0 pair of boots (worn)
 j - a +0 ring mail (worn)
Jewellery
 l - an amulet of faith
 N - a ring of positive energy
Scrolls
 e - a scroll of enchant weapon {unknown}
 f - 7 scrolls of identify {unknown}
 h - a scroll of teleportation {unknown}
Potions
 c - a potion of ambrosia
 i - a potion of curing {unknown}
 k - 2 potions of heal wounds {unknown}


   Skills:
 - Level 3.0 Fighting
 + Level 5.9 Long Blades
 - Level 2.6 Dodging


You had 4 spell levels left.
You didn't know any spells.
Your spell library contained the following spells:

 Spells                   Type           Power      Damage    Failure   Level
 Kiss of Death            Conj/Necr      0%         2d5       65%         1
 Confusing Touch          Hex            0%         N/A       95%         3
 Dispel Undead            Necr           0%         3d6       100%        4


Dungeon Overview and Level Annotations

Branches:
Dungeon (3/15)

Altars:


Innate Abilities, Weirdness & Mutations

You have a pair of small horns on your head.
You regenerate magic rapidly.


Message History

The goblin shouts! x4; The ogre shouts!
The goblin shouts! x3
You slash the goblin!
You kill the goblin!
Unknown command.
You have nothing you can fire or use right now.
Unknown command.
Okay, then.
You slash the goblin!
You kill the goblin!
You hit the goblin.
You kill the goblin!
You hit the goblin but do no damage. You headbutt the goblin.
You kill the goblin!
You barely miss the goblin.
You headbutt the goblin, but do no damage.
The goblin barely misses you.
You barely miss the goblin. Your headbutt misses the goblin.
The goblin hits you with a +0 club.
You take 1 damage, and have 40/41 hp.
You barely miss the goblin. The goblin hits you but does no damage.
You hit the goblin. You headbutt the goblin.
You kill the goblin!
You hit the goblin.
The goblin is moderately wounded.
The goblin hits you but does no damage.
Health restored: 41 You slash the goblin!
You kill the goblin!
You hit the ogre.
The ogre is moderately wounded.
The ogre hits you with a +0 giant club!
You take 17 damage, and have 24/41 hp.
MASSIVE DAMAGE!!
You completely miss the ogre.
The ogre is moderately wounded.
You slash the ogre!
You headbutt the ogre, but do no damage.
The ogre is heavily wounded.
The ogre hits you with a +0 giant club!!
Ouch! That really hurt!
You die...

#######.# #.# #.# #.#
#.# #.########
#........# ###
##.######.###.).#
...##...##....@Ogg..#
#..........##.###(..#
#.###...#####.# ###
##.## #.# #.. ..# #.#
### #+#


You could see an ogre and 2 goblins.

Vanquished Creatures
  Sigmund (D:2)
  A gnoll (D:1)
  3 worms (D:2)
  4 dart slugs (D:1)
  5 endoplasms
  3 giant cockroaches
  9 goblins
  2 hobgoblins (D:1)
  A kobold (D:2)
  A ball python (D:1)
  5 bats
  3 frilled lizards
38 creatures vanquished.

Notes
Turn   | Place    | Note
-------+----------+-------------------------------------------
     0 | D:1      | Dirtsage the Demonspawn Monk began the quest for the Orb.
     0 | D:1      | Reached XP level 1. HP: 18/18 MP: 1/1
    87 | D:1      | Reached skill level 3 in Long Blades
    87 | D:1      | Gained mutation: You regenerate magic rapidly. [demonic
                  | ancestry]
    87 | D:1      | Reached XP level 2. HP: 12/24 MP: 2/2
   372 | D:1      | Reached XP level 3. HP: 29/29 MP: 3/3
   469 | D:1      | Reached skill level 4 in Long Blades
   838 | D:2      | Noticed Sigmund
   863 | D:2      | Killed Sigmund
   864 | D:2      | Reached skill level 5 in Long Blades
   864 | D:2      | Gained mutation: You have a pair of small horns on your
                  | head. [demonic ancestry]
   864 | D:2      | Reached XP level 4. HP: 16/35 MP: 4/4
   864 | D:2      | Reached XP level 5. HP: 19/41 MP: 5/5
  1485 | D:3      | Noticed an ogre
  1500 | D:3      | Mangled by an ogre

Illustrated notes

Levels and vault maps discovered:
D:1:      lightli_arrival_boilingwater, layout_basic, minmay_tall_x
D:2:      layout_basic, minmay_tromino_v4_c, uniq_sigmund
D:3:      layout_loops_corners, grunt_temple_overflow_open, minmay_ogre_servants

Skill      XL: |  1  2  3 |
---------------+----------+-----
Long Blades    | 3 5 |  5.9
Fighting       | |  3.0
Dodging        | |  2.6

Action                     |  1- 3 |  4- 6 || total
---------------------------+-------+-------++-------
  Melee: Falchion          |    62 |    33 ||    95
         Headbutt          |       |     6 ||     6
    Use: Potion            |     1 |       ||     1
 Armour: Robe              |    25 |     4 ||    29
         Ring mail         |       |    14 ||    14
  Dodge: Dodged            |    25 |    13 ||    38

Table legend: (Time is in decaauts)
 A = Elapsed time spent in this place.
 B = Non-inter-level travel time spent in this place.
 C = Inter-level travel time spent in this place.
 D = Time resting spent in this place.
 E = Time spent auto-exploring this place.
 F = Levels seen in this place.
 G = Mean time per level.
                   A        B        C        D        E       F      G
               +--------+--------+--------+--------+--------+-----+--------+
         Total |   1508 |   1471 |     37 |     61 |   1143 |   3 |  502.7 |
       Dungeon |   1508 |   1471 |     37 |     61 |   1143 |   3 |  502.7 |
               +--------+--------+--------+--------+--------+-----+--------+

Top non-repeatable levels by time:
     D:2: 865 daAuts
     D:1: 589 daAuts
     D:3: 52 daAuts
